 Seeded DCSS version 0.27-a0-705-ga0013940fb (webtiles) character file.

Game seed: 20210322 (custom seed)

88 Snicker the Sneak (level 4, -1/34 HPs)
             Began as a Demonspawn Brigand on Mar 22, 2021.
             Splashed by Ijyb's acid (12 damage)
             ... on level 3 of the Dungeon.
             The game lasted 00:03:19 (2540 turns).

Snicker the Sneak (Demonspawn Brigand)              Turns: 2540, Time: 00:03:21

Health: -1/34      AC:  3    Str: 12    XL:     4   Next: 30%
Magic:  0/4        EV: 12    Int: 12    God:
Gold:   36         SH:  0    Dex: 15    Spells: 3/3 levels left

rFire    . . .     SeeInvis .   a - +2 dagger
rCold    . . .     Faith    .   (no shield)
rNeg     . . .     Spirit   +   b - +0 robe
rPois    .         Reflect  .   (no helmet)
rElec    .         Harm     .   c - +0 cloak
rCorr    .         Rampage  .   (no gloves)
Will     .....                  (no boots)
Stlth    +++.......             l - amulet of guardian spirit
HPRegen  0.11/turn              i - ring of wizardry
MPRegen  0.09/turn              (no ring)

@: no status effects
A: powered by pain 1
a: no special abilities


You were on level 3 of the Dungeon.
You visited 1 branch of the dungeon, and saw 3 of its levels.

You collected 36 gold pieces.

Inventory:

Hand Weapons
 a - a +2 dagger (weapon)
Missiles
 d - 8 poisoned darts
 e - a curare-tipped dart (quivered)
Armour
 b - a +0 robe (worn)
 c - a +0 cloak (worn)
Jewellery
 g - an amulet of magic regeneration
 i - a ring of wizardry (right hand)
 l - an amulet of guardian spirit (around neck)
Scrolls
 f - a scroll of random uselessness {unknown}
 j - a scroll of amnesia {unknown}
 k - 2 scrolls of teleportation {unknown}
 m - a scroll of holy word {unknown}
 o - a scroll of acquirement {unknown}
 q - a scroll of immolation {unknown}
 r - a scroll of identify {unknown}
Potions
 h - a potion of cancellation
 n - a potion of heal wounds {unknown}
 p - a potion of curing {unknown}


   Skills:
 + Level 2.5 Fighting
 * Level 3.0 Short Blades
 + Level 1.7 Throwing
 + Level 1.2 Dodging
 * Level 4.4 Stealth


You had 3 spell levels left.
You didn't know any spells.
Your spell library was empty.

Dungeon Overview and Level Annotations

Branches:
Dungeon (3/15)

Altars:

Annotations:
D:3 Ijyb


Innate Abilities, Weirdness & Mutations

You sometimes gain a little power by taking damage.


Message History

The orc is lightly wounded.
The orc hits you with a +0 short sword!
You hit the orc.
You kill the orc!
Your Short Blades skill increases to level 3!
You hit the giant cockroach.
The giant cockroach is severely wounded.
The giant cockroach closely misses you.
You hit the giant cockroach.
The giant cockroach is almost dead.
The giant cockroach closely misses you.
You barely miss the giant cockroach.
The giant cockroach is almost dead.
The giant cockroach bites you.
You hit the giant cockroach.
You kill the giant cockroach!
You hit the quokka.
The quokka is heavily wounded.
The quokka closely misses you.
You closely miss the quokka.
The quokka is heavily wounded.
The quokka bites you.
You hit the quokka but do no damage.
The quokka is heavily wounded.
The quokka completely misses you.
You hit the quokka.
The quokka is almost dead.
The quokka bites you.
You hit the quokka.
You kill the quokka!
You hit the orc but do no damage. The orc misses you.
You barely miss the orc. The orc closely misses you.
You closely miss the orc. You hit the orc.
The orc is lightly wounded.
The orc closely misses you.
Ijyb zaps a wand.
The bolt of acid hits the orc!
The orc is splashed with acid.
The acid corrodes the orc!
The orc dies!
The bolt of acid hits you!
You are splashed with acid!
You die...

#### ...#### #.
##....# ...
.....+ ....
#...# ...#
#...####....##
#....@)go.....
#...##########
#.....#
.#######...####
..............#
.######.##.##.#
#.##.##.#######
#.##+##........
#.#....#######.


You could see Ijyb and an orc.

Vanquished Creatures
  5 adders (D:2)
  A worm (D:2)
  3 orcs (D:3)
  5 bats
  2 giant cockroaches
  4 hobgoblins
  3 kobolds
  2 oozes
  A quokka (D:3)
  5 ball pythons (D:1)
  3 frilled lizards
  3 goblins
  3 rats
40 creatures vanquished.

Vanquished Creatures (others)
  An orc (D:3)
1 creature vanquished.

Grand Total: 41 creatures vanquished

Notes
Turn   | Place    | Note
-------+----------+-------------------------------------------
     0 | D:1      | Snicker the Demonspawn Brigand began the quest for the Orb.
     0 | D:1      | Reached XP level 1. HP: 16/16 MP: 1/1
   236 | D:1      | Reached skill level 4 in Stealth
   386 | D:1      | Gained mutation: You sometimes gain a little power by
                  | taking damage. [demonic ancestry]
   386 | D:1      | Reached XP level 2. HP: 22/22 MP: 2/2
   960 | D:1      | Reached skill level 1 in Dodging
  1187 | D:2      | Reached XP level 3. HP: 7/27 MP: 1/3
  1981 | D:2      | Found a faded altar of an unknown god.
  2075 | D:2      | Reached XP level 4. HP: 10/34 MP: 4/4
  2521 | D:3      | Noticed Ijyb
  2540 | D:3      | Splashed by Ijyb's acid

Illustrated notes

Levels and vault maps discovered:
D:1:      minmay_arrival_cross, layout_loops_ring
D:2:      layout_rooms, chequers_ecumenical_altar_twisty,
          kennysheep_generic_room_15
D:3:      layout_basic, wander_ebering_terrifying_dragon_lair, uniq_ijyb

Skill      XL: |  1  2  3  4 |
---------------+-------------+-----
Stealth        | 4 |  4.4
Dodging        | 1 |  1.2
Short Blades   | 2 3 |  3.0
Fighting       | |  2.5
Throwing       | |  1.7

Action                   |  1- 3 |  4- 6 || total
-------------------------+-------+-------++-------
Melee: Dagger            |   127 |    37 ||   164
Throw: Dart              |     2 |       ||     2
  Use: Potion            |     2 |     2 ||     4
 Stab: Sleeping          |     8 |       ||     8
Armor: Robe              |    39 |       ||    39
       Skin              |       |     8 ||     8
Dodge: Dodged            |   119 |    14 ||   133

Table legend: (Time is in decaauts)
 A = Elapsed time spent in this place.
 B = Non-inter-level travel time spent in this place.
 C = Inter-level travel time spent in this place.
 D = Time resting spent in this place.
 E = Time spent auto-exploring this place.
 F = Levels seen in this place.
 G = Mean time per level.
                   A        B        C        D        E       F      G
               +--------+--------+--------+--------+--------+-----+--------+
         Total |   2520 |   2438 |     82 |   1047 |    960 |   3 |  840.0 |
       Dungeon |   2520 |   2438 |     82 |   1047 |    960 |   3 |  840.0 |
               +--------+--------+--------+--------+--------+-----+--------+

Top non-repeatable levels by time:
     D:2: 1346 daAuts
     D:1: 1123 daAuts
     D:3: 50 daAuts
